 Dungeon Crawl Stone Soup version 0.21-a0-525-ga34b322 (webtiles) character file.

2885 Amnesiac the Shooter (level 9, -1/68 HPs)
             Began as a Mummy Arcane Marksman on Dec 7, 2017.
             Was an Elder of Okawaru.
             Slain by a troll (5 damage)
             ... on level 7 of the Dungeon.
             The game lasted 00:18:38 (7824 turns).

Amnesiac the Shooter (Mummy Arcane Marksman)        Turns: 7824, Time: 00:18:39

Health: -1/68      AC: 11    Str: 16    XL:     9   Next: 48%
Magic:  13/13      EV:  6    Int: 13    God:    Okawaru [****..]
Gold:   396        SH:  0    Dex: 12    Spells: 11/14 levels left

rFire    x . .     SeeInvis .   b - +3 short sword (venom)
rCold    + . .     Gourm    .   (no shield)
rNeg     + + +     Faith    .   e - +0 plate armour
rPois    ∞         Spirit   .   (no helmet)
rElec    .         Reflect  .   (no cloak)
rCorr    .         Harm     .   (no gloves)
MR       +....                  (no boots)
Stlth    ..........             l - amulet of regeneration
HPRegen  0.61/turn              B - ring of stealth
MPRegen  0.13/turn              o - ring of stealth

@: no status effects
A: no food or potions, fire vulnerability, cold resistance 1, negative energy
resistance 3, torment resistance, unbreathing
a: Heroism, Renounce Religion


You were on level 7 of the Dungeon.
You worshipped Okawaru.
Okawaru was greatly pleased with you.
You were not hungry.

You visited 2 branches of the dungeon, and saw 8 of its levels.
You also visited: Ossuary.

You collected 396 gold pieces.

Inventory:

Hand Weapons
 a - a +0 shortbow
 b - a +3 short sword of venom (weapon)
 i - a +1 dagger of speed
 k - a +0 morningstar
 x - the +5 hand axe "Juqasekh" {speed, *Contam +Blink rC+ rN++, unknown}
   (You found it on level 6 of the Dungeon)

   Attacks with this weapon are significantly faster.
   It protects you from cold.
   It greatly protects you from negative energy.
   It lets you blink.
   It causes magical contamination when unequipped.
Missiles
 d - 130 arrows
 j - 6 needles of confusion
 n - 8 poisoned needles
Armour
 e - a +0 plate armour (worn)
Jewellery
 l - an amulet of regeneration (around neck)
 o - a ring of stealth (right hand)
 z - an uncursed ring of teleportation
 B - a ring of stealth (left hand)
Wands
 t - a wand of digging (7)
 v - a wand of enslavement (15)
 A - a wand of clouds (4)
Scrolls
 f - 9 scrolls of teleportation {!r}
 g - 2 scrolls of blinking {!r}
 h - 3 scrolls of magic mapping {!r, unknown}
 m - 2 scrolls of amnesia {!r}
 p - 2 scrolls of fear {!r}
 q - 4 scrolls of enchant weapon {!r}
 r - 2 scrolls of identify {!r}
 s - a scroll of enchant armour {!r}
 u - a scroll of remove curse {!r}
 w - a scroll of noise {!r, unknown}
 y - a scroll of immolation {!r, unknown}
Books
 c - a book of Debilitation

   Spells                             Type                      Level
   a - Corona                         Hexes                        1
   b - Slow                           Hexes                        2
   c - Inner Flame                    Hexes/Fire                   3
   d - Portal Projectile              Hexes/Translocation          3
   e - Cause Fear                     Hexes                        4
   f - Leda's Liquefaction            Hexes/Earth                  4


   Skills:
 + Level 5.3 Fighting
 * Level 7.0 Bows
 + Level 4.2 Armour
 + Level 4.4 Dodging
 - Level 3.0 Spellcasting
 - Level 3.0 Hexes
 + Level 3.2 Invocations


You had 11 spell levels left.
You knew the following spells:

 Your Spells              Type           Power        Failure   Level  Hunger
a - Corona                Hex            #......      98%         1    N/A
e - Slow                  Hex            #.......     99%         2    N/A

Dungeon Overview and Level Annotations

Branches:
Dungeon (7/15)             Temple (1/1) D:4

Altars:
Ashenzari
Cheibriados
Dithmenos
Elyvilon
Fedhas
Gozag
Hepliaklqana
Kikubaaqudgha
Nemelex Xobeh
Okawaru
Qazlal
Ru
Sif Muna
Trog
Uskayaw
Vehumet
Wu Jian
Zin
The Shining One


Innate Abilities, Weirdness & Mutations

You do not eat or drink.
Your flesh is vulnerable to fire.
You are immune to poison.
Your flesh is cold resistant. (rC+)
You are immune to negative energy. (rN+++)
You are immune to unholy pain and torment.
You can survive without breathing.


Message History

Okay, then.
Put on which piece of jewellery? (? for menu, Esc to quit)
You remove your ring of teleportation.
Unknown command.
A - a wand of clouds (4) No target in view!
You see here a fuming red potion {!q}.
Found 25 stones.
No target in view!
Found a hand axe.
No target in view!
Found a stone staircase leading down.
No target in view!
You see here 25 stones.
B - a ring of stealth No target in view!
A troll comes into view.
The troll shouts!
A troll is nearby!
Put on which piece of jewellery? (? for menu, Esc to quit)
B - a ring of stealth (left hand)
You hit the troll.
The troll is lightly wounded.
The troll bites you but does no damage.
The troll claws you but does no damage. x2
You hit the troll but do no damage.
The troll is poisoned.
The troll is lightly wounded.
The troll bites you but does no damage. The troll claws you but does no damage.
The troll claws you!
You puncture the troll!
The troll looks even sicker.
The troll is moderately wounded.
The troll closely misses you. The troll claws you but does no damage.
The troll claws you. The troll bites you but does no damage.
The troll claws you. The troll claws you but does no damage.
You hit the troll.
The troll looks as sick as possible!
The troll is moderately wounded.
The troll bites you. The troll barely misses you.
The troll claws you but does no damage.
You hit the troll.
The troll looks as sick as possible!
The troll is heavily wounded.
The troll closely misses you. The troll claws you! The troll claws you.
You hit the troll but do no damage.
The troll is severely wounded.
The troll bites you. The troll claws you.
* * * LOW HITPOINT WARNING * * *
The troll claws you but does no damage.
You hit the troll.
The troll looks as sick as possible!
The troll is almost dead.
The troll bites you.
* * * LOW HITPOINT WARNING * * *
The troll claws you!
* * * LOW HITPOINT WARNING * * *
The troll claws you!
* * * LOW HITPOINT WARNING * * *
You are too injured to fight recklessly!
You are too injured to fight recklessly!
You see here 25 stones.
You barely miss the troll.
The troll is almost dead.
The troll bites you.
* * * LOW HITPOINT WARNING * * *
The troll claws you.
* * * LOW HITPOINT WARNING * * *
The troll claws you.
You die...

#...............##
###.##....####...# .
##..###...# #...## .
##....###.## ##...#
##.##....######
##..###
#..#........###
##..#.
##)............#
#....
#..............#
##....
.........T@....##
#.....
................#
#...##.
###..#.......#...#
#...####
##.##....####......##
# #......## #....# #
##...>## ...# #....#
.. ##..## #.##


You could see a troll.

Vanquished Creatures
  Grinder (D:6)
  Edmund (D:4)
  The ghost of Canard the Cutter, an amateur SpBe of Trog (D:3)
  A water moccasin (D:5)
  2 orc warriors
  2 ogres
  2 centaurs
  2 bullfrogs (D:7)
  A gnoll sergeant (D:6)
  A scorpion (D:7)
  2 howler monkeys (D:5)
  10 wights
  2 bullfrog zombies
  2 crimson imps (D:6)
  2 centaur zombies (Ossuary)
  2 bullfrog skeletons
  4 hounds
  An orc priest (D:4)
  4 orc wizards
  An iguana (D:6)
  3 worker ants
  3 ogre zombies (Ossuary)
  A hound zombie (D:6)
  7 mummies (Ossuary)
  A worker ant zombie (D:5)
  9 adders
  12 gnolls
  2 shadow imps
  An ooze (D:4)
  2 adder zombies (Ossuary)
  2 worms
  3 dart slugs
  4 leopard geckos
  14 orcs
  A bat (D:1)
  8 giant cockroaches
  6 goblins
  8 hobgoblins
  13 jackals
  6 kobolds
  3 quokkas
  2 ball pythons
  13 frilled lizards
  5 goblin zombies (Ossuary)
  4 hobgoblin zombies (Ossuary)
  4 kobold zombies (Ossuary)
  An orc zombie (Ossuary)
  9 quokka zombies
  5 rats
  4 rat zombies
200 creatures vanquished.

Notes
Turn   | Place    | Note
-------+----------+-------------------------------------------
     0 | D:1      | Amnesiac the Mummy Arcane Marksman began the quest for the Orb.
     0 | D:1      | Reached XP level 1. HP: 15/15 MP: 2/2
    53 | D:1      | Reached XP level 2. HP: 16/21 MP: 2/4
   414 | D:2      | Reached XP level 3. HP: 22/26 MP: 6/6
   664 | D:2      | Reached skill level 2 in Bows
   697 | D:2      | Reached skill level 1 in Armour
   755 | D:2      | Reached XP level 4. HP: 24/33 MP: 8/8
  1568 | D:2      | Reached XP level 5. HP: 38/38 MP: 9/9
  1594 | D:2      | Learned a level 2 spell: Slow
  1622 | D:3      | Noticed Canard's ghost (amateur SpBe)
  2000 | D:3      | Killed Canard's ghost
  2000 | D:3      | Reached skill level 3 in Bows
  2171 | D:3      | Found a deep blue altar of Sif Muna.
  2171 | D:3      | Found a bloodstained altar of Trog.
  2326 | D:3      | Reached XP level 6. HP: 31/44 MP: 10/10
  2753 | D:4      | Found a staircase to the Ecumenical Temple.
  2766 | Temple   | Entered the Ecumenical Temple
  2961 | Temple   | Became a worshipper of Warmaster Okawaru
  2997 | D:4      | Noticed Edmund
  3105 | D:4      | Killed Edmund
  3105 | D:4      | Reached skill level 4 in Bows
  3178 | D:4      | Noticed an orc warrior
  3684 | Temple   | Killed an orc warrior
  3684 | Temple   | Reached XP level 7. HP: 33/51 MP: 11/11
  3870 | D:3      | Reached * piety under Okawaru
  4688 | D:5      | Entered Level 5 of the Dungeon
  4744 | D:5      | Found an opulent altar of Gozag.
  4772 | D:5      | Reached skill level 5 in Bows
  4836 | D:5      | Reached ** piety under Okawaru
  4836 | D:5      | Reached XP level 8. HP: 23/60 MP: 12/12
  4951 | D:5      | Found a snail-covered altar of Cheibriados.
  5467 | D:5      | Found a stormy altar of Qazlal.
  5633 | D:6      | Reached skill level 1 in Invocations
  5961 | D:6      | Found a sand-covered staircase.
  5971 | D:6      | Reached skill level 6 in Bows
  6034 | D:6      | Reached *** piety under Okawaru
  6075 | Ossuary  | Entered an ossuary
  6466 | Ossuary  | Reached XP level 9. HP: 64/66 MP: 13/13
  6719 | D:6      | Reached skill level 5 in Fighting
  7002 | D:6      | Noticed Grinder
  7019 | D:6      | Paralysed by Grinder for 6 turns
  7031 | D:6      | Killed Grinder
  7101 | D:6      | Got a bloodstained hand axe
  7108 | D:6      | Found an ancient bone altar of Kikubaaqudgha.
  7108 | D:6      | Found a hazy altar of Hepliaklqana.
  7130 | D:6      | Found a faded altar of an unknown god.
  7132 | D:6      | Found a faded altar of an unknown god.
  7133 | D:6      | Found a shattered altar of Ashenzari.
  7622 | D:7      | Received a gift from Okawaru
  7679 | D:7      | Reached skill level 7 in Bows
  7761 | D:7      | Reached **** piety under Okawaru
  7809 | D:7      | Noticed a troll
  7824 | D:7      | Slain by a troll

Vault maps used:
D:1:      scummos_arrival_forest
D:2:      minmay_lizard_pond
D:3:      gammafunk_temple_overflow_statue
D:4:      minmay_temple_entry_statues_fountains, first_bread, uniq_edmund
D:5:      old_standard_altar, lemuel_coloured_pillars_altar, cheibriados_altar_1
D:6:      chequers_temple_overflow_minitemple, enter_ossuary_4, uniq_grinder
D:7:      makhleb_altar_promises_db, corexii_leaking_fountain,
          minmay_three_doors
Temple:   minmay_temple_curvy_loop
Ossuary:  ossuary_boxes_badplayer

Skill      XL: |  1  2  3  4  5  6  7  8  9 |
---------------+----------------------------+-----
Spellcasting   | 2 3 |  3.0
Hexes          | 3 |  3.0
Bows           | 2 3 4 5 6 7 |  7.0
Armour         | 1 2 3 4 |  4.2
Fighting       | 2 3 4 5 |  5.3
Dodging        | 2 3 4 |  4.4
Invocations    | 2 3 |  3.2

Action                   |  1- 3 |  4- 6 |  7- 9 || total
-------------------------+-------+-------+-------++-------
Melee: Short sword       |    49 |       |   327 ||   376
       Dagger            |       |   293 |       ||   293
       Spear             |       |    21 |       ||    21
       Dire flail        |       |    36 |    42 ||    78
       Morningstar       |       |       |    64 ||    64
 Fire: Shortbow          |    99 |   131 |   267 ||   497
  Use: Scroll            |     2 |     2 |     5 ||     9
Armor: Robe              |     5 |       |       ||     5
       Chain mail        |    63 |   197 |    54 ||   314
       Plate armour      |       |       |   346 ||   346
Dodge: Dodged            |    34 |    71 |   187 ||   292

Table legend:
 A = Spawn XP
 B = Non-spawn XP
 C = Spawn XP percentage of total XP
 D = Spawn monster count
 E = Non-spawn monster count
 F = Spawn count percentage of total count
 G = Total turns spent on level
                    A         B        C        D         E        F      G
               +---------+---------+-------+---------+---------+-------+---------
         Total |       0 |    4122 |   0.0 |       0 |     200 |   0.0 |  7824
               +---------+---------+-------+---------+---------+-------+---------
           D:1 |       0 |      29 |   0.0 |       0 |      15 |   0.0 |   418
           D:2 |       0 |     167 |   0.0 |       0 |      36 |   0.0 |  1315
           D:3 |       0 |     321 |   0.0 |       0 |      27 |   0.0 |  1227
           D:4 |       0 |     370 |   0.0 |       0 |      13 |   0.0 |   864
           D:5 |       0 |     715 |   0.0 |       0 |      26 |   0.0 |   890
           D:6 |       0 |    1502 |   0.0 |       0 |      36 |   0.0 |  1143
           D:7 |       0 |     546 |   0.0 |       0 |       8 |   0.0 |   500
        Temple |       0 |     139 |   0.0 |       0 |       2 |   0.0 |   890
       Ossuary |       0 |     333 |   0.0 |       0 |      37 |   0.0 |   577
               +---------+---------+-------+---------+---------+-------+---------
